 Dungeon Crawl Stone Soup version 0.21-a0-496-g696f58f (console) character file.

394 hexaflexagon the Stinger (level 6, -11/41 HPs)
             Began as a Merfolk Venom Mage on Nov 23, 2017.
             Mangled by an ogre
             ... wielding a +0 giant club
              (27 damage)
             ... on level 4 of the Dungeon.
             The game lasted 00:08:43 (3883 turns).

hexaflexagon the Stinger (Merfolk Venom Mage)       Turns: 3883, Time: 00:08:43

Health: -11/41     AC: 15    Str:  9    XL:     6   Next: 82%
Magic:  5/21       EV: 11    Int: 16    God:
Gold:   198        SH:  0    Dex: 14    Spells: 3/13 levels left

rFire    . . .     SeeInvis .   g - +2 dagger (protect)
rCold    . . .     Gourm    .   (no shield)
rNeg     . . .     Faith    .   t - +3 ring mail
rPois    .         Spirit   .   (no helmet)
rElec    .         Reflect  .   (no cloak)
rCorr    .         Harm     .   (no gloves)
MR       .....                  (no boots)
Stlth    +.........             s - amulet of rage
HPRegen  0.13/turn              j - ring of magical power
MPRegen  0.17/turn              (no ring)

@: protection aura, very slightly contaminated
A: change form in water, swift swim, stealthy swim
a: Evoke Berserk Rage


You were on level 4 of the Dungeon.
You were hungry.

You visited 1 branch of the dungeon, and saw 4 of its levels.

You collected 198 gold pieces.

Inventory:

Hand Weapons
 g - a +2 dagger of protection (weapon)
 p - a +0 spear
Missiles
 d - 176 stones (quivered)
 e - 7 needles of confusion
Armour
 a - a +0 robe
 t - a +3 ring mail (worn)
Jewellery
 j - a ring of magical power (left hand)
 s - an amulet of rage (around neck)
 y - an uncursed amulet of the gourmand
Wands
 A - a wand of digging (16)
Scrolls
 h - 3 scrolls of identify
 k - 2 scrolls of amnesia {unknown}
 m - a scroll of magic mapping {unknown}
 q - a scroll of enchant weapon {unknown}
 r - a scroll of remove curse {unknown}
 w - 2 scrolls of fear {unknown}
Potions
 f - a potion of heal wounds {unknown}
 l - 2 potions of cancellation {unknown}
 n - a potion of lignification {unknown}
 o - 2 potions of haste
 u - a potion of agility {unknown}
 v - a potion of magic {unknown}
 x - a potion of brilliance {unknown}
 C - a potion of might {unknown}
Books
 b - a Young Poisoner's Handbook

   Spells                             Type                      Level
   a - Sting                          Conjuration/Poison           1
   b - Poisonous Vapours              Poison/Air                   2
   c - Mephitic Cloud                 Conjuration/Poison/Air       3
   d - Olgreb's Toxic Radiance        Poison                       4
   e - Venom Bolt                     Conjuration/Poison           5
Comestibles
 c - 3 bread rations
 i - a meat ration
 z - a chunk of flesh
 B - a royal jelly


   Skills:
 - Level 2.6 Dodging
 - Level 2.1 Stealth
 + Level 4.0 Spellcasting
 - Level 0.7 Conjurations
 + Level 6.9 Poison Magic


You had 3 spell levels left.
You knew the following spells:

 Your Spells              Type           Power        Failure   Level  Hunger
m - Mephitic Cloud        Conj/Pois/Air  ##......     45%         3    ###....
o - Olgreb's Toxic Radia  Pois           ####....     26%         4    ####...
s - Sting                 Conj/Pois      ###.         10%         1    None
v - Poisonous Vapours     Pois/Air       ##....       17%         2    ##.....


Dungeon Overview and Level Annotations

Branches:
Dungeon (4/15)
 Temple: D:4-7

Altars:
Uskayaw
Wu Jian


Message History

Press: ? - help, Dir - move target cursor, f/p - ogre
Aim: an ogre, wielding a giant club (almost dead)
You miscast Poisonous Vapours.
Wisps of poison gas drift from your hands.
The ogre barely misses you.
You hit the ogre.
Your weapon exudes an aura of protection.
The ogre is almost dead.
You hit the ogre.
The ogre is almost dead.
The ogre hits you with a giant club! The ooze hits you but does no damage.
Casting: Poisonous Vapours
Confirm with . or Enter, or press ? or * to list all spells.
Aiming: Poisonous Vapours
Press: ? - help, Dir - move target cursor, f/p - ogre
Aim: an ogre, wielding a giant club (almost dead)
You miscast Poisonous Vapours.
You feel odd. The ogre hits you with a giant club!!
Ouch! That really hurt!
You die...

#######
#.@...#
#.OJ..#
#.o...# ##
#.....# ..
#.....# .
###.### #.
#...#
#.#.#######$#
#........##.##


You could see an ogre, an ooze and an orc.

Vanquished Creatures
  A howler monkey (D:4)
  A centaur skeleton (D:4)
  2 orc priests (D:3)
  A worker ant (D:3)
  4 gnolls
  A howler monkey skeleton (D:4)
  10 adders
  A worm (D:2)
  3 dart slugs
  2 leopard geckos (D:1)
  9 orcs
  7 bats
  2 giant cockroaches
  9 goblins
  10 hobgoblins
  10 jackals
  11 kobolds
  A quokka (D:4)
  2 ball pythons
  A frilled lizard (D:1)
  3 rats
91 creatures vanquished.

Notes
Turn   | Place    | Note
-------+----------+-------------------------------------------
     0 | D:1      | hexaflexagon the Merfolk Venom Mage began the quest for the Orb.
     0 | D:1      | Reached XP level 1. HP: 13/13 MP: 3/3
   157 | D:1      | Reached XP level 2. HP: 18/19 MP: 0/5
   188 | D:1      | Reached skill level 4 in Poison Magic
   452 | D:1      | Learned a level 2 spell: Poisonous Vapours
   882 | D:1      | Reached XP level 3. HP: 24/24 MP: 6/6
  1579 | D:2      | Reached XP level 4. HP: 30/30 MP: 4/8
  2011 | D:2      | Reached skill level 5 in Poison Magic
  2253 | D:3      | Reached XP level 5. HP: 35/35 MP: 4/9
  2572 | D:2      | Learned a level 4 spell: Olgreb's Toxic Radiance
  2576 | D:2      | Learned a level 3 spell: Mephitic Cloud
  2682 | D:2      | Reached skill level 6 in Poison Magic
  3269 | D:3      | Reached XP level 6. HP: 41/41 MP: 10/10
  3466 | D:3      | Found a hide-covered altar of Uskayaw.
  3651 | D:4      | Found an ornate altar of the Wu Jian Council.
  3883 | D:4      | Mangled by an ogre

Vault maps used:
D:1:      minmay_arrival_jagged
D:2:      kennysheep_big_empty_room, minivault_4
D:3:      lemuel_coloured_pillars_altar
D:4:      lemuel_crystal_altar, nicolae_overflow_quartered_altars, first_bread,
          minmay_liquid_box, fedhas_altar_3

Skill      XL: |  1  2  3  4  5  6 |
---------------+-------------------+-----
Poison Magic   | 4 5 6 |  6.9
Spellcasting   | 3 4 |  4.0
Dodging        | |  2.6
Stealth        | |  2.1
Conjurations   | |  0.7

Action                   |  1- 3 |  4- 6 || total
-------------------------+-------+-------++-------
Melee: Unarmed           |    15 |       ||    15
       Dagger            |    64 |   217 ||   281
       Tailslap          |       |     1 ||     1
Throw: Stone             |     1 |       ||     1
 Cast: Sting             |    10 |       ||    10
       Poisonous Vapours |     9 |    47 ||    56
  Use: Scroll            |       |     1 ||     1
 Stab: Sleeping          |     3 |     2 ||     5
       Distracted        |     1 |       ||     1
  Eat: Chunk             |     3 |    10 ||    13
Armor: Robe              |    13 |    34 ||    47
       Ring mail         |       |    88 ||    88
Dodge: Dodged            |    64 |   161 ||   225

Table legend:
 A = Spawn XP
 B = Non-spawn XP
 C = Spawn XP percentage of total XP
 D = Spawn monster count
 E = Non-spawn monster count
 F = Spawn count percentage of total count
 G = Total turns spent on level
                    A         B        C        D         E        F      G
               +---------+---------+-------+---------+---------+-------+---------
         Total |       0 |     564 |   0.0 |       0 |      91 |   0.0 |  3883
               +---------+---------+-------+---------+---------+-------+---------
           D:1 |       0 |      53 |   0.0 |       0 |      23 |   0.0 |  1455
           D:2 |       0 |     135 |   0.0 |       0 |      26 |   0.0 |  1166
           D:3 |       0 |     240 |   0.0 |       0 |      32 |   0.0 |  1095
           D:4 |       0 |     136 |   0.0 |       0 |      10 |   0.0 |   167
               +---------+---------+-------+---------+---------+-------+---------
